 Dungeon Crawl Stone Soup version 0.31-a0-971-g75a2e9a4b4 (webtiles) character file.

Game seed: 3374717662257516727

1377 tsujin the Ruffian (level 8, 0/61 (64) HPs)
             Began as a Demonspawn Shapeshifter on Oct 28, 2023.
             Was a Believer of Nemelex Xobeh.
             Succumbed to an adder's poison
             ... on level 6 of the Dungeon.
             The game lasted 00:09:45 (4862 turns).

tsujin the Ruffian (Demonspawn Shapeshifter)        Turns: 4862, Time: 00:09:46

HP:   0/61 (64)     AC: -3    Str: 17    XL:     8   Next: 39%
MP:   1/8           EV:  9    Int: 12    God:    Nemelex Xobeh [**....]
Gold: 196           SH:  0    Dex: 12    Spells: 7/7 levels left

rFire   + .          .
                       - Unarmed
rCold   . . .        (no shield)
rNeg    + . .        s - +0 chain mail
rPois   .            (helmet currently unavailable)
rElec   .            (cloak currently unavailable)
rCorr   .            (gloves currently unavailable)
SInv    .            (boots currently unavailable)
Will    .....        (no amulet) Stlth
                     a - ring of protection from fire
HPRegen 0.30/turn    h - ring of positive energy
MPRegen 0.22/turn

%: guardian spirit
@: lethally poisoned (0 -> -4), beast-form, corroded, lightly drained
A: beast (slay +3), foul stench 1, magic shield, magic regeneration, sturdy
frame 1
a: Begin Untransformation, Renounce Religion, Draw Escape, Draw Destruction,
Draw Summoning


You were on level 6 of the Dungeon.
You worshipped Nemelex Xobeh.
Nemelex Xobeh was pleased with you.
You were a hulking beast.
You visited 1 branch of the dungeon, and saw 6 of its levels.

You collected 196 gold pieces.

Inventory:

Missiles
 i - 2 throwing nets
Armour
 s - a +0 chain mail (worn)
Magical Staves
 f - a staff of death
 u - a staff of air
Jewellery
 a - a ring of protection from fire (left hand)
 h - a ring of positive energy (right hand)
Talismans
 c - a beast talisman
 d - a flux talisman
Wands
 b - a wand of flame (15)
 t - a wand of iceblast (12)
 y - a wand of paralysis (3)
Scrolls
 e - a scroll of torment
 x - a scroll of revelation
Potions
 n - a potion of degeneration {unknown}
 o - 4 potions of attraction
 p - a potion of magic {unknown}
 v - 2 potions of mutation
 w - a potion of brilliance {unknown}


   Skills:
 + Level 5.8 Fighting
 * Level 2.4 Armour
 - Level 1.7 Dodging
 + Level 5.8 Unarmed Combat
 + Level 5.4 Shapeshifting


You had 7 spell levels left.
You didn't know any spells.
Your spell library contained the following spells:

 Spells                   Type           Power      Damage    Failure   Level
 Blink                    Tloc           0%         N/A       96%         2
 Volatile Blastmotes      Fire/Tloc      0%         2d10      99%         3
 Fulminant Prism          Conj/Hex       0%         3d5       100%        4
 Iskenderun's Mystic Bla  Conj/Tloc      0%         2d3       100%        4
 Manifold Assault         Tloc           0%         N/A       100%        4
 Haunt                    Necr/Summ      0%         N/A       100%        7
 Borgnjor's Revivificati  Necr           0%         N/A       100%        8
 Death's Door             Necr           0%         N/A       100%        9


Dungeon Overview and Level Annotations

Branches:
Dungeon (6/15)             Temple (0/1) D:5

Altars:
Nemelex Xobeh


Innate Abilities, Weirdness & Mutations

You are a hulking beast.
Your limbs bulge with bestial killing power. (Slay +3)
You may rarely emit foul miasma when damaged in melee.
When hurt, damage is shared between your health and your magic reserves.
You regenerate magic rapidly.
Your movements are slightly less encumbered by armour. (ER -2)


Message History

You regained 4 hp, and now have 29/61 hp.
The jelly attacks as it pursues you! The jelly hits you but does no damage.
You regained 3 hp, and now have 32/61 hp.
You bump into the rock wall.
You feel less invigorated.
You feel less confused. The jelly barely misses you.
You regained 4 hp, and now have 36/61 hp.
You hit the jelly.
Your hands burn!
The jelly is lightly wounded.
The jelly hits you but does no damage.
You take 1 damage, and have 35/61 hp.
You hit the jelly. The acid corrodes you!
Your hands burn!
The jelly is moderately wounded.
The jelly hits you. The acid corrodes you!
You are splashed with acid!
You take 10 damage, and have 25/61 hp.
You now have 7/8 mp.
MP restored: 8 The jelly attacks as it pursues you!
The jelly hits you. The acid corrodes you!
You are splashed with acid!
You take 6 damage, and have 20/61 hp.
You now have 6/8 mp.
The jelly attacks as it pursues you! The jelly hits you.
* * * LOW HITPOINT WARNING * * *
You are splashed with acid.
* * * LOW HITPOINT WARNING * * *
You take 6 damage, and have 14/61 hp.
You now have 4/8 mp.
The adder barely misses you. The adder attacks as it pursues you!
The adder bites you.
* * * LOW HITPOINT WARNING * * *
You are poisoned.
The adder poisons you! The jelly hits you.
* * * LOW HITPOINT WARNING * * *
You are splashed with acid!
* * * LOW HITPOINT WARNING * * *
You take 11 damage, and have 3/61 hp.
You now have 0/8 mp.
* * * LOW HITPOINT WARNING * * *
You feel sick. The adder attacks as it pursues you!
The adder closely misses you. x2
There is a stone staircase leading down here.
You take 2 damage, and have 1/61 hp.
You die...
Your body glows slightly and disappears.

....[...######...........##...$
..........#.#...........##.....
.......................##......
.......รท.......................
........."..................z..
#....................#z..#.#...
##...................##.z#####.
.....................###.#.##..
..............hSJ##..###z......
#..##..F.......#.z..z....#.....
#<............###......####....
#..........f...###..#.######...
..##..........#####...#.###.. ..
........#...# #......###..
........##.....#...#......#
#.... ..##..##....##
.....#...#....


You could see a sleepcap, a bullfrog (wandering), a jelly, 2 wights and an
adder.

Vanquished Creatures
  Grinder (D:3)
  A wyvern (D:6)
  A black bear (D:4)
  A phantom (D:4)
  A centaur (D:6)
  3 scorpions
  A howler monkey (D:6)
  A hound (D:4)
  An orc priest (D:3)
  6 iguanas
  Jessica (D:2)
  Terence (D:2)
  4 orc wizards
  8 adders
  2 white imps (D:5)
  A worm (D:2)
  3 dart slugs (D:1)
  11 orcs
  9 endoplasms
  5 giant cockroaches
  8 goblins
  7 hobgoblins
  8 jackals
  3 kobolds
  2 quokkas
  14 ball pythons
  7 bats
  10 frilled lizards
  8 rats
129 creatures vanquished.

Notes
Turn   | Place    | Note
-------+----------+-------------------------------------------
     0 | D:1      | tsujin the Demonspawn Shapeshifter began the quest for the
                  | Orb.
     0 | D:1      | Reached XP level 1. HP: 15/15 MP: 1/1
   167 | D:1      | Gained mutation: You may rarely emit foul miasma when
                  | damaged in melee. [demonic ancestry]
   167 | D:1      | Reached XP level 2. HP: 17/21 MP: 2/2
   349 | D:1      | Gained mutation: You regenerate magic rapidly. [demonic
                  | ancestry]
   349 | D:1      | Reached XP level 3. HP: 19/27 MP: 3/3
  1298 | D:2      | Reached XP level 4. HP: 34/34 MP: 4/4
  1374 | D:2      | Noticed Jessica
  1377 | D:2      | Noticed Terence
  1401 | D:2      | Killed Jessica
  1408 | D:2      | Killed Terence
  1838 | D:3      | Gained mutation: When hurt, damage is shared between your
                  | health and your magic reserves. [demonic ancestry]
  1838 | D:3      | Reached XP level 5. HP: 38/40 MP: 5/5
  2374 | D:3      | Noticed Grinder
  2395 | D:3      | Killed Grinder
  2396 | D:3      | Reached XP level 6. HP: 13/48 MP: 3/6
  2844 | D:4      | Gained mutation: Your movements are slightly less
                  | encumbered by armour. (ER -2) [demonic ancestry]
  2844 | D:4      | Reached XP level 7. HP: 50/55 MP: 7/7
  2971 | D:4      | Reached skill level 5 in Unarmed Combat
  3090 | D:4      | Reached skill level 5 in Fighting
  3126 | D:4      | Found a sparkling altar of Nemelex Xobeh.
  3130 | D:4      | Became a worshipper of Nemelex Xobeh the Trickster
  3175 | D:4      | Reached skill level 5 in Shapeshifting
  3779 | D:5      | Entered Level 5 of the Dungeon
  3930 | D:5      | Reached * piety under Nemelex Xobeh
  4044 | D:5      | Found a staircase to the Ecumenical Temple.
  4458 | D:5      | Received a gift from Nemelex Xobeh
  4560 | D:6      | Reached XP level 8. HP: 58/63 MP: 8/8
  4578 | D:6      | Reached ** piety under Nemelex Xobeh
  4603 | D:6      | Reached skill level 1 in Armour
  4824 | D:6      | HP: 3/61 [poisoned by an adder]
  4836 | D:6      | HP: 2/61 [acid (7)]
  4860 | D:6      | HP: 3/61 [acid (8)]
  4861 | D:6      | HP: 1/61 [poisoned by an adder]
  4862 | D:6      | Succumbed to an adder's poison

Illustrated notes

Levels and vault maps discovered:
D:1:      mrwooster_arrival_statue_3, layout_basic, minmay_vboxes
D:2:      layout_basic, minmay_misc_feat_roman, minmay_misc_feat_room,
          hex_large, uniq_jessica, uniq_terence
D:3:      layout_basic, uniq_grinder
D:4:      layout_cave_pools, nemelex_diamond_rough_becter, st_stairs_12,
          minmay_stone_trees_medium, kennysheep_doodads, minmay_lizard_king
D:5:      layout_gridville, minmay_temple_entry_statues_fountains
D:6:      layout_cave_pools

Skill      XL: |  1  2  3  4  5  6  7  8 |
---------------+-------------------------+-----
Unarmed Combat | 3 4 5 |  5.8
Shapeshifting  | 3 4 5 |  5.4
Fighting       | 2 4 5 |  5.8
Armour         | 2 |  2.4
Dodging        | |  1.7

Action                     |  1- 3 |  4- 6 |  7- 9 || total
---------------------------+-------+-------+-------++-------
  Melee: Unarmed           |   136 |   150 |   132 ||   418
         Punch             |     3 |     7 |     7 ||    17
 Invoke: Draw Destruction  |       |       |     4 ||     4
    Use: Scroll            |     2 |     1 |     7 ||    10
         Potion            |       |     2 |     5 ||     7
 Armour: Ring mail         |    90 |    48 |       ||   138
         Animal skin       |     2 |       |       ||     2
         Chain mail        |       |    35 |   163 ||   198
         Skin              |       |     3 |       ||     3
  Dodge: Dodged            |    77 |    70 |    83 ||   230

Table legend: (Time is in decaauts)
 A = Elapsed time spent in this place.
 B = Non-inter-level travel time spent in this place.
 C = Inter-level travel time spent in this place.
 D = Time resting spent in this place.
 E = Time spent auto-exploring this place.
 F = Levels seen in this place.
 G = Mean time per level.
                   A        B        C        D        E       F      G
               +--------+--------+--------+--------+--------+-----+--------+
         Total |   4815 |   4702 |    113 |    282 |   3237 |   6 |  802.5 |
       Dungeon |   4815 |   4702 |    113 |    282 |   3237 |   6 |  802.5 |
               +--------+--------+--------+--------+--------+-----+--------+

Top non-repeatable levels by time:
     D:1: 1019 daAuts
     D:4: 1016 daAuts
     D:3: 918 daAuts
     D:2: 783 daAuts
     D:5: 743 daAuts
     D:6: 334 daAuts
